 Dungeon Crawl Stone Soup version 0.26.1-10-gdfb7c7de75 (webtiles) character file.

Game seed: 14738206658764179120

2416 tardwrangler69 the Slicer (level 9, -4/79 HPs)
             Began as a Minotaur Fighter on Apr 3, 2021.
             Was a Follower of Uskayaw.
             Slain by a hornet (12 damage)
             ... while paralysed by a hornet
             ... on level 8 of the Dungeon.
             The game lasted 00:07:57 (7968 turns).

tardwrangler69 the Slicer (Minotaur Fighter)        Turns: 7968, Time: 00:07:57

Health: -4/79      AC: 11    Str: 21    XL:     9   Next: 23%
Magic:  8/8        EV:  2    Int:  5    God:    Uskayaw [*.....]
Gold:   373        SH:  0    Dex: 13    Spells: 8/8 levels left

rFire    . . .     SeeInvis .   a - +1 rapier
rCold    . . .     Faith    .   c - +0 kite shield
rNeg     . . .     Spirit   .   b - +0 scale mail
rPois    .         Reflect  .   (helmet restricted)
rElec    .         Harm     .   w - +0 cloak
rCorr    .         Rampage  .   (no gloves)
Will     .....                  t - +1 pair of boots
Stlth    +.........             (no amulet)
HPRegen  0.23/turn              (no ring)
MPRegen  0.11/turn              v - ring of stealth

@: paralysed, lethally poisoned (-4 -> -18), slowed
A: retaliatory headbutt, horns 2
a: Renounce Religion, Stomp


You were on level 8 of the Dungeon.
You worshipped Uskayaw.
Uskayaw was noncommittal.
You visited 2 branches of the dungeon, and saw 9 of its levels.

You collected 412 gold pieces.
You spent 39 gold pieces at shops.

Inventory:

Hand Weapons
 a - a +1 rapier (weapon)
Armour
 b - a +0 scale mail (worn)
 c - a +0 kite shield (worn)
 t - a +1 pair of boots (worn)
 w - a +0 cloak (worn)
Jewellery
 v - a ring of stealth (right hand)
Scrolls
 g - 2 scrolls of magic mapping
 i - a scroll of identify
 k - 3 scrolls of blinking
 n - 2 scrolls of teleportation
 o - a scroll of immolation
 p - 4 scrolls of remove curse
 s - a scroll of enchant weapon
Potions
 d - a potion of might
 e - 3 potions of brilliance
 f - 3 potions of lignification
 h - 3 potions of flight
 l - 3 potions of mutation
 m - 2 potions of heal wounds
 q - a potion of curing
 z - a potion of ambrosia {unknown}
 A - a potion of degeneration {unknown}


   Skills:
 + Level 7.5 Fighting
 * Level 9.0 Short Blades
 + Level 7.6 Armour
 + Level 5.6 Dodging
 - Level 4.0 Shields


You had 8 spell levels left.
You didn't know any spells.
Your spell library contained the following spells:

 Spells                   Type           Power        Failure   Level
 Corona                   Hex            0%           99%         1
 Shock                    Conj/Air       0%           99%         1
 Ensorcelled Hibernation  Hex/Ice        0%           100%        2
 Swiftness                Air            0%           100%        2
 Confusing Touch          Hex            0%           100%        3
 Dazzling Flash           Conj/Hex       0%           100%        3
 Static Discharge         Conj/Air       0%           100%        3
 Tukima's Dance           Hex            0%           100%        3
 Airstrike                Air            0%           100%        4
 Lightning Bolt           Conj/Air       0%           100%        5


Dungeon Overview and Level Annotations

Branches:
Dungeon (8/15)             Temple (1/1) D:5
   Lair: D:8-11

Altars:
Ashenzari
Cheibriados
Dithmenos
Elyvilon
Fedhas
Gozag
Hepliaklqana
Kikubaaqudgha
Makhleb
Nemelex Xobeh
Okawaru
Qazlal
Ru
Sif Muna
Trog
Uskayaw
Vehumet
Wu Jian
Xom
Yredelemnul
Zin

Shops:
D:6 =*(   D:7 [


Innate Abilities, Weirdness & Mutations

You reflexively headbutt those who attack you in melee.
You have a pair of horns on your head.


Message History

* * * LOW HITPOINT WARNING * * *
You are lethally poisoned!
You feel yourself slow down.
You feel better. The hornet stings you.
You are poisoned.
You feel as though you will be slow longer.
The hornet barely misses you. You block the hornet's attack.
You feel sick. The hornet stings you.
* * * LOW HITPOINT WARNING * * *
You are more poisoned.
You suddenly lose the ability to move!
You feel sick. The hornet stings you!
* * * LOW HITPOINT WARNING * * *
You feel as though you will be slow longer.
* * * LOW HITPOINT WARNING * * *
You feel sick. The hornet stings you.
* * * LOW HITPOINT WARNING * * *
You feel as though you will be slow longer.
The hornet stings you!
You die...

#.#
##.#
#..#
#..#
#..#
#..#
#.##
#.#
#@#
#y#
#S#
#..
#...
#....
..##..
.|#
..#
... .#


You could see a hornet and an adder.

Vanquished Creatures
  A shadow (D:7)
  Sigmund (D:4)
  A phantom (D:4)
  2 ogres
  2 sky beasts
  3 centaurs
  Blork the orc (D:4)
  3 bullfrogs (D:7)
  9 wights
  A quasit (D:6)
  2 hounds
  2 jellies
  2 orc priests (D:7)
  Crazy Yiuf (D:4)
  4 orc wizards
  A worker ant (D:4)
  A hound zombie (D:7)
  3 hound skeletons
  A worker ant zombie (D:7)
  6 gnolls
  11 adders
  A howler monkey skeleton (D:4)
  4 river rats (D:4)
  2 shadow imps (D:7)
  An adder zombie (D:3)
  2 adder skeletons (D:4)
  8 worms
  3 dart slugs
  4 leopard geckos
  18 orcs
  3 ball pythons
  12 bats
  3 giant cockroaches
  7 goblins
  7 hobgoblins
  2 jackals (D:4)
  6 kobolds
  A quokka (D:4)
  4 frilled lizards
  A jackal skeleton (D:4)
  A jackal zombie (D:5)
  2 leopard gecko skeletons
  10 rats
160 creatures vanquished.

Vanquished Creatures (others)
  A fungus (D:4)
1 creature vanquished.

Grand Total: 161 creatures vanquished

Notes
Turn   | Place    | Note
-------+----------+-------------------------------------------
     0 | D:1      | tardwrangler69 the Minotaur Fighter began the quest for the
                  | Orb.
     0 | D:1      | Reached XP level 1. HP: 19/19 MP: 0/0
    89 | D:1      | Reached XP level 2. HP: 26/27 MP: 1/1
   643 | D:1      | Reached skill level 3 in Short Blades
   682 | D:1      | Reached XP level 3. HP: 28/33 MP: 2/2
  1456 | D:2      | Reached XP level 4. HP: 38/40 MP: 3/3
  1747 | D:2      | Reached skill level 1 in Dodging
  2076 | D:2      | Found a bloodstained altar of Trog.
  2540 | D:3      | Reached skill level 4 in Short Blades
  2540 | D:3      | Reached XP level 5. HP: 31/47 MP: 4/4
  3058 | D:4      | Found a runed translucent door.
  3059 | D:4      | Noticed Crazy Yiuf
  3087 | D:4      | Noticed Blork the orc
  3099 | D:4      | Killed Blork the orc
  3337 | D:4      | Noticed Sigmund
  3347 | D:4      | Killed Sigmund
  3348 | D:4      | Reached skill level 5 in Fighting
  3348 | D:4      | Reached skill level 5 in Short Blades
  3348 | D:4      | Reached skill level 5 in Armour
  3348 | D:4      | Reached XP level 6. HP: 54/56 MP: 5/5
  3886 | D:4      | Reached XP level 7. HP: 61/61 MP: 6/6
  3903 | D:4      | Reached skill level 6 in Short Blades
  3986 | D:4      | Killed Crazy Yiuf
  4120 | D:5      | Entered Level 5 of the Dungeon
  4137 | D:5      | Found a white marble altar of Elyvilon.
  4813 | D:5      | Found a staircase to the Ecumenical Temple.
  5007 | Temple   | Entered the Ecumenical Temple
  5172 | Temple   | Became a worshipper of Uskayaw the Reveller
  5309 | D:6      | Reached * piety under Uskayaw
  5375 | D:6      | Reached ** piety under Uskayaw
  5506 | D:6      | Found an ornate altar of the Wu Jian Council.
  5525 | D:6      | Reached *** piety under Uskayaw
  5533 | D:6      | Reached **** piety under Uskayaw
  5539 | D:6      | Reached ***** piety under Uskayaw
  5574 | D:6      | Found Issisen's General Store.
  5581 | D:6      | Bought a scroll of teleportation for 39 gold pieces
  5707 | D:6      | Found Qanoeceo's Jewellery Emporium.
  5806 | D:6      | Reached XP level 8. HP: 59/70 MP: 7/7
  5887 | D:6      | Reached skill level 7 in Short Blades
  5960 | D:6      | Found Histronli's Weapon Boutique.
  6400 | D:7      | Found a broken altar of Ashenzari.
  6813 | D:7      | Reached skill level 8 in Short Blades
  6911 | D:7      | Reached skill level 5 in Dodging
  7096 | D:7      | Found Binnazea's Armour Shop.
  7188 | D:7      | Reached XP level 9. HP: 77/79 MP: 8/8
  7795 | D:8      | Reached skill level 9 in Short Blades
  7961 | D:8      | Paralysed by a hornet for 2 turns
  7966 | D:8      | Paralysed by a hornet for 3 turns
  7968 | D:8      | Slain by a hornet

Illustrated notes

Levels and vault maps discovered:
D:1:      dpeg_arrival_short_road, layout_basic, minivault_23,
          minmay_misc_feat_square, minmay_3d_cube
D:2:      layout_basic, trog_book
D:3:      layout_loops_ring
D:4:      layout_loops_ring, lightli_sewer_entry_pipes, uniq_crazy_yiuf_cottage,
          uniq_blork_the_orc, uniq_sigmund
D:5:      layout_loops_corners, lemuel_round_altar, minmay_temple_entry_poolview
D:6:      layout_loops_ring, nicolae_overflow_crystal_walls, serial_shops,
          nicolae_shop_trees, nicolae_shop_trees, nicolae_shop_crystal
D:7:      layout_basic, nicolae_ashenzari_panopticon, serial_shops,
          kennysheep_mini, minmay_misc_feat_x
D:8:      layout_cave_pods, old_standard_altar
Temple:   hc_temple_tempest_star

Skill      XL: |  1  2  3  4  5  6  7  8  9 |
---------------+----------------------------+-----
Short Blades   | 3 4 5 6 8 9 |  9.0
Fighting       | 4 5 6 7 |  7.5
Armour         | 4 5 6 7 |  7.6
Shields        | 4 |  4.0
Dodging        | 1 2 3 5 |  5.6

Action                   |  1- 3 |  4- 6 |  7- 9 || total
-------------------------+-------+-------+-------++-------
Melee: Rapier            |   112 |   174 |   285 ||   571
       Headbutt          |    11 |    32 |    48 ||    91
  Use: Scroll            |       |       |    15 ||    15
       Potion            |       |       |     1 ||     1
 Stab: Paralysed         |       |       |    10 ||    10
Armor: Scale mail        |    53 |    45 |   107 ||   205
Dodge: Dodged            |    24 |    42 |    97 ||   163
Block: Kite shield       |    57 |    59 |   111 ||   227
